Match 38409104
Unlisted

Match 38409104
End
Pioneer Squad
Construct Infanterie Kompanie
Grenadier Squad
Grenadier Squad
MG 42 Machine Gun Team
Construct Luftwaffe Kompanie
Jäger Squad
Jäger Squad
Selects Luftwaffe Battlegroup
Selects Stuka Strafing Run
Selects Fallschirmjäger Squad Paradrop
Fallschirmjäger Squad Paradrop
Support Elements
Wirbelwind Flakpanzer
Pioneer Squad
Luftwaffe Officer Quarters
Medical Bunker
Wirbelwind Flakpanzer
Selects Stuka Loiter
Selects Luftwaffe Pioneer Support
Selects LG40 Recoilless Gun Paradrop
Selects Luftwaffe Pioneer Support
Selects Flak 38 Anti-Air Emplacement
Jäger Squad
Stuka Loiter
Fallschirmjäger Squad Paradrop
Wirbelwind Flakpanzer
Fallschirmjäger Squad Paradrop
Stuka Strafing Run
Wirbelwind Flakpanzer
Marder III M Tank Destroyer
Stuka Loiter
Fallschirmjäger Squad Paradrop
Medical Bunker
vonMises
Mael Radec
A Hard Boiled Egg
friendly chinese general
0
0

Comments sign in to comment!

No comments posted yet!